Map: Ascension to Aiur LE

Players

FisterRoboto - Winner!

  • Race: Zerg Zerg
  • League: Diamond
  • Spawn Location: 11:00

TenaciousDG

  • Race: Zerg Zerg
  • League: Diamond
  • Spawn Location: 5:00

VOD

Have the link to the VOD?

Description

Time

  • Played on: Aug. 17, 2017, 11:35 p.m.
  • Length: 7:49
Show
View Real Time Build Order
Export as new Build Order

FisterRoboto Zerg - Winner!

Build Orders: Hatch First, Zergling Baneling 

Get SALT Encoding   

  12  0:01  Drone  
  13  0:12  Overlord  
  13  0:18  Drone  
  14  0:30  Drone x2  
  14  0:34  Drone  
  17  0:52  Hatchery  
  17  0:55  Drone  
  17  0:58  Drone  
  18  1:09  Extractor  
  17  1:12  Spawning Pool  
  17  1:16  Drone  
  17  1:19  Drone  
  18  1:28  Drone  
  19  1:39  Drone  
  20  1:49  Overlord  
  20  2:00  Zergling x2  
  21  2:04  Queen  
  21  2:05  Zergling x2  
  24  2:11  Drone  
  24  2:12  Metabolic Boost  
  24  2:14  Queen  
  28  2:15  Drone  
  28  2:23  Drone  
  28  2:26  Drone  
  30  2:35  Drone  
  31  2:44  Drone x2  
  33  2:46  Queen  
  33  2:47  Overlord  
  35  2:53  Baneling Nest  
  34  3:03  Drone x2  
  35  3:07  Zergling x2  
  35  3:18  Zergling x8, Hatchery  
  35  3:19  Zergling x2  
  39  3:27  Zergling x2  
  39  3:28  Zergling x6  
  39  3:34  Overlord  
  43  3:39  Zergling x2  
  44  3:49  Overlord  
  44  3:50  Overlord  
  44  3:56  Baneling  
  44  3:57  Baneling x3  
  44  4:04  Zergling x14  
  51  4:12  Baneling  
  51  4:13  Baneling  
  44  4:18  Zergling x2  
  44  4:19  Zergling x2  
  41  4:32  Baneling x3  
  41  4:37  Zergling x20  
  46  4:46  Zergling x6  
  48  4:53  Baneling  
  48  4:54  Baneling x2  
  36  5:14  Zergling x4  
  36  5:15  Zergling x12  
  36  5:21  Zergling x10  
  48  5:27  Zergling x6  
  49  5:32  Zergling x4  
  49  5:34  Baneling x2  
  49  5:48  Zergling x4, Hatchery  
  50  5:52  Baneling x2  
  49  6:01  Zergling x16  
  50  6:19  Zergling x4  
  50  6:23  Baneling x2  
  52  6:35  Zergling x12  
  58  6:46  Baneling x2  
  57  6:50  Zergling x4  
  57  6:57  Drone x2  
  57  6:59  Queen  
  57  7:00  Queen x2, Drone  
  63  7:10  Zergling x4  
  63  7:11  Zergling x4  
  63  7:12  Overlord x3  
  63  7:14  Baneling  
  63  7:15  Baneling x2  
  63  7:29  Baneling  
Show
View Real Time Build Order
Export as new Build Order

TenaciousDG Zerg 

Build Orders: Pool First 

Get SALT Encoding   

  12  0:01  Drone  
  13  0:13  Overlord  
  13  0:18  Drone  
  14  0:32  Drone x2  
  16  0:36  Drone  
  17  0:44  Spawning Pool  
  16  0:54  Drone  
  17  1:11  Hatchery  
  16  1:19  Drone x3  
  16  1:23  Extractor  
  18  1:33  Overlord  
  18  1:37  Queen  
  20  1:43  Zergling x2  
  21  1:51  Drone  
  22  2:04  Drone  
  23  2:13  Queen  
  25  2:18  Drone  
  25  2:22  Metabolic Boost  
  26  2:23  Queen  
  26  2:24  Drone  
  26  2:25  Drone  
  30  2:33  Drone  
  31  2:45  Drone x5  
  36  2:53  Baneling Nest  
  35  3:04  Drone  
  35  3:16  Overlord  
  35  3:19  Overlord  
  35  3:36  Zergling x8  
  35  3:37  Zergling x10  
  35  3:38  Zergling x2  
  35  3:39  Zergling x2  
  46  3:45  Hatchery  
  45  3:57  Baneling x2  
  45  4:06  Drone  
  45  4:07  Zergling x6  
  45  4:08  Zergling x6  
  49  4:33  Zergling x6  
  49  4:47  Baneling x4  
  49  4:48  Baneling  
  49  4:51  Zergling x2  
  49  4:52  Zergling x8  
  52  5:01  Lair  
  52  5:03  Extractor  
  48  5:11  Hatchery  
  45  5:30  Drone  
  45  5:31  Drone x5  
  51  5:36  Overlord x3  
  51  5:42  Hatchery  
  50  5:48  Baneling  
  50  5:49  Baneling x6  
  50  5:50  Drone  
  50  5:52  Overlord  
  47  6:17  Zergling x2  
  47  6:18  Zergling x12  
  53  6:25  Extractor  
  52  6:26  Extractor  
  46  6:45  Zergling x10  
  46  6:47  Baneling  
  46  6:48  Baneling x3  
  46  6:59  Zergling x2  
  46  7:00  Zergling x4  
  47  7:14  Baneling x9, Zergling x2  
  47  7:15  Zergling x6  
Tags
 
Add a new tag
Caveats
  • Supply blocks, unpowered buildings, or Contaminate may cause inaccurate times.
  • Supply counts are checked every 10 seconds.